 Dungeon Crawl Stone Soup version 0.31-a0-986-g5e6e4ef867 (webtiles) character file.

Game seed: 4008114279706358110

190 cowhearter the Sneak (level 6, 0/34 HPs)
             Began as a Kobold Enchanter on Nov 12, 2023.
             Slain by a gnoll
             ... wielding a +0 club
              (7 damage)
             ... on level 4 of the Dungeon.
             The game lasted 00:07:57 (2483 turns).

cowhearter the Sneak (Kobold Enchanter)             Turns: 2483, Time: 00:07:57

Health: 0/34       AC:  2    Str:  5    XL:     6   Next: 1%
Magic:  10/10      EV: 15    Int: 17    God:
Gold:   169        SH:  0    Dex: 17    Spells: 9/11 levels left

rFire   . . .        a - +1 dagger
rCold   . . .        (no shield)
rNeg    . . .        b - +0 robe
rPois   .            (no helmet)
rElec   .            (no cloak)
rCorr   .            (no gloves)
SInv    .            (no boots)
Will    .....        (no amulet)
Stlth   ++++         (no ring)
HPRegen 0.25/turn    (no ring)
MPRegen 0.12/turn

%: no passive effects
@: no status effects
A: small, no large weapons, nightstalker 3
a: no special abilities


You were on level 4 of the Dungeon.
You visited 1 branch of the dungeon, and saw 4 of its levels.

You collected 169 gold pieces.

Inventory:

Hand Weapons
 a - a +1 dagger (weapon)
Missiles
 j - 4 poisoned darts
 r - 7 boomerangs
Armour
 b - a +0 robe (worn)
Jewellery
 d - a ring of wizardry
 q - a ring of magical power
Scrolls
 f - 4 scrolls of vulnerability {unknown}
 i - a scroll of fear {unknown}
 k - a scroll of enchant weapon {unknown}
 l - 3 scrolls of identify {unknown}
 m - 3 scrolls of noise {unknown}
 n - 3 scrolls of fog {unknown}
 o - a scroll of silence {unknown}
 p - a scroll of immolation {unknown}
 s - a scroll of teleportation {unknown}
Potions
 c - 2 potions of invisibility
 e - a potion of ambrosia {unknown}
 g - a potion of degeneration {unknown}
 h - a potion of enlightenment {unknown}
 t - a potion of haste {unknown}
 u - a potion of brilliance {unknown}
 v - a potion of heal wounds {unknown}
 w - a potion of curing {unknown}


   Skills:
 + Level 1.1 Fighting
 * Level 3.8 Short Blades
 + Level 2.9 Dodging
 - Level 5.9 Stealth
 * Level 3.0 Spellcasting
 * Level 3.4 Hexes


You had 9 spell levels left.
You knew the following spells:

 Your Spells              Type           Power      Damage    Failure   Level
a - Ensorcelled Hibernat  Hex/Ice        16%        N/A       13%         2

Your spell library contained the following spells:

 Spells                   Type           Power      Damage    Failure   Level
 Confusing Touch          Hex            14%        N/A       13%         3
 Tukima's Dance           Hex            14%        N/A       13%         3
 Sublimation of Blood     Necr           2%         N/A       26%         2
 Wereblood                Tmut           2%         N/A       26%         2
 Dazzling Flash           Conj/Hex       16%        N/A       26%         3
 Gell's Gravitas          Tloc           2%         N/A       45%         3
 Teleport Other           Tloc           2%         N/A       45%         3
 Dispersal                Tloc           1%         N/A       100%        6
 Malign Gateway           Summ/Tloc      1%         N/A       100%        7
 Summon Hydra             Summ           1%         N/A       100%        7
 Summon Horrible Things   Summ           1%         N/A       100%        8


Dungeon Overview and Level Annotations

Branches:
Dungeon (4/15)
 Temple: D:4-7

Altars:

Shops:
D:3 *

Portals:
Abyss: D:3

Annotations:
D:3 2 transporters


Innate Abilities, Weirdness & Mutations

You are small and have problems with some larger weapons.
You are completely attuned to the shadows.


Message History

You have reached level 6!
Things that are here:
a +0 spear; a gnoll corpse You hit the gnoll.
The gnoll is lightly wounded.
The gnoll closely misses you. x2
You hit the gnoll.
The gnoll is moderately wounded.
The gnoll hits you with a +0 club.
The gnoll hits you from afar with a +0 spear.
You hit the gnoll.
The gnoll is moderately wounded.
The gnoll completely misses you. The gnoll misses you.
You hit the gnoll but do no damage.
The gnoll is moderately wounded.
The gnoll barely misses you.
The gnoll hits you from afar with a +0 spear.
You hit the gnoll but do no damage.
The gnoll is moderately wounded.
You hit the gnoll but do no damage.
The gnoll is moderately wounded.
The gnoll barely misses you.
The gnoll hits you from afar with a +0 spear.
You hit the gnoll.
The gnoll is heavily wounded.
The gnoll hits you with a +0 club!
* * * LOW HITPOINT WARNING * * *
The gnoll misses you.
You hit the gnoll.
The gnoll is severely wounded.
The gnoll barely misses you. The gnoll closely misses you.
You hit the gnoll. You punch the gnoll, but do no damage.
The gnoll is severely wounded.
The gnoll hits you with a +0 club.
* * * LOW HITPOINT WARNING * * *
The gnoll misses you.
You hit the gnoll.
The gnoll is almost dead.
The gnoll misses you. The gnoll hits you with a +0 club!
You die...

........##
........#
.........#
.......#
.........#####
......#
..............
.....#
................
####..........
#....!....###
#.........g..
#.......@g.#
#............
#.......).....
#..........##.
)....$....#
..########


You could see 2 gnolls.

Vanquished Creatures
  A jelly (D:4)
  6 gnolls (D:4)
  4 adders
  3 worms
  2 orcs (D:4)
  A bat (D:1)
  3 endoplasms
  4 giant cockroaches
  2 goblins (D:1)
  11 hobgoblins
  2 jackals (D:3)
  2 quokkas
  6 ball pythons
  4 frilled lizards
  2 kobolds (D:1)
  5 rats
58 creatures vanquished.

Notes
Turn   | Place    | Note
-------+----------+-------------------------------------------
     0 | D:1      | cowhearter the Kobold Enchanter began the quest for the
                  | Orb.
     0 | D:1      | Reached XP level 1. HP: 10/10 MP: 3/3
   161 | D:1      | Reached XP level 2. HP: 15/15 MP: 5/5
   164 | D:1      | Learned a level 2 spell: Ensorcelled Hibernation
   325 | D:1      | Found a faded altar of an unknown god.
   704 | D:2      | Reached XP level 3. HP: 19/19 MP: 6/6
  1449 | D:3      | Found a transporter.
  1454 | D:3      | Found a transporter.
  1474 | D:3      | Noticed a small abomination
  1531 | D:3      | Reached XP level 4. HP: 22/24 MP: 7/7
  1562 | D:3      | Noticed a kobold brigand
  1764 | D:3      | Reached skill level 5 in Stealth
  1940 | D:3      | Found Qusof's Assorted Antiques.
  2160 | D:3      | Found a one-way gate to the infinite horrors of the Abyss.
  2268 | D:4      | Reached skill level 1 in Fighting
  2268 | D:4      | Reached XP level 5. HP: 29/29 MP: 9/9
  2473 | D:4      | Reached XP level 6. HP: 34/34 MP: 10/10
  2483 | D:4      | Slain by a gnoll

Illustrated notes

Levels and vault maps discovered:
D:1:      amcnicky_arrival_wind_blow, layout_basic,
          shapermc_ecumenical_altar_mp_urbaneastern, minmay_indecisive_spiral
D:2:      layout_loops_ring
D:3:      layout_basic, serial_shops, nicolae_shop_tiny_waterfront,
          gammafunk_ghost_abyssal_escape
D:4:      layout_basic, st_stairs_10

Skill      XL: |  1  2  3  4  5 |
---------------+----------------+-----
Short Blades   | 2 3 |  3.8
Stealth        | 5 |  5.9
Fighting       | 1 |  1.1
Spellcasting   | 3 |  3.0
Dodging        | |  2.9
Hexes          | |  3.4

Action                     |  1- 3 |  4- 6 || total
---------------------------+-------+-------++-------
  Melee: Dagger            |    94 |    66 ||   160
         Punch             |       |     1 ||     1
   Cast: Ensorcelled Hiber |       |     1 ||     1
   Stab: Sleeping          |    13 |    22 ||    35
         Distracted        |       |     1 ||     1
 Armour: Robe              |    15 |    16 ||    31
  Dodge: Dodged            |    47 |    27 ||    74

Table legend: (Time is in decaauts)
 A = Elapsed time spent in this place.
 B = Non-inter-level travel time spent in this place.
 C = Inter-level travel time spent in this place.
 D = Time resting spent in this place.
 E = Time spent auto-exploring this place.
 F = Levels seen in this place.
 G = Mean time per level.
                   A        B        C        D        E       F      G
               +--------+--------+--------+--------+--------+-----+--------+
         Total |   2460 |   2453 |      7 |    164 |   1798 |   4 |  615.0 |
       Dungeon |   2460 |   2453 |      7 |    164 |   1798 |   4 |  615.0 |
               +--------+--------+--------+--------+--------+-----+--------+

Top non-repeatable levels by time:
     D:3: 796 daAuts
     D:2: 757 daAuts
     D:1: 665 daAuts
     D:4: 240 daAuts
